 Dungeon Crawl Stone Soup version 0.29.1-15-g9cfb28693d (webtiles) character file.

Game seed: 8152233085917491097

12906 HOAXBANE2 the Unseen (level 11, -5/52 HPs)
             Began as a Spriggan Artificer on Mar 18, 2023.
             Was an Elder of Kikubaaqudgha.
             Slain by a boulder beetle (51 damage)
             ... on level 11 of the Dungeon.
             The game lasted 02:05:21 (18492 turns).

HOAXBANE2 the Unseen (Spriggan Artificer)          Turns: 18492, Time: 02:05:21

Health: -5/52      AC:  7    Str:  8    XL:     11   Next: 68%
Magic:  14/19      EV: 25    Int: 14    God:    Kikubaaqudgha [****..]
Gold:   739        SH:  5    Dex: 19    Spells: 11/20 levels left

rFire   + + .      SeeInvis +   r - +9 rapier of Wyrd {vorpal, rElec rF+ rC+ Will-}
rCold   + . .      Faith    .   (no shield)
rNeg    . . .      Spirit   .   b - +2 robe
rPois   .          Reflect  +   (helmet restricted)
rElec   +          Harm     .   B - +2 cloak
rCorr   .          Rampage  .   (gloves unavailable)
Will    .....                   (boots unavailable)
Stlth   ++++++....              u - amulet of reflection
HPRegen 0.17/turn               o - ring of wizardry
MPRegen 0.16/turn               a - ring of protection from fire

@: animating dead, very quick
A: very small, no large weapons, unfitting armour, see invisible, speed 3
a: Renounce Religion, Unearth Wretches


You were on level 11 of the Dungeon.
You worshipped Kikubaaqudgha.
Kikubaaqudgha was greatly pleased with you.
You visited 1 branch of the dungeon, and saw 11 of its levels.

You collected 739 gold pieces.

Inventory:

Hand Weapons
 l - a +0 vorpal sling
 r - the +9 rapier of Wyrd (weapon) {vorpal, rElec rF+ rC+ Will-}
   (You found it on level 4 of the Dungeon)

   It inflicts extra damage upon your enemies.
   rF:        It protects you from fire.
   rC:        It protects you from cold.
   rElec:     It insulates you from electricity.
   Will:      It decreases your willpower.
 v - a +0 spear of flaming
Missiles
 w - 2 atropa-tipped darts (quivered)
 A - 6 silver boomerangs
Armour
 b - a +2 robe (worn)
 y - +0 acid dragon scales
 B - a +2 cloak (worn)
Jewellery
 a - a ring of protection from fire (right hand)
 o - a ring of wizardry (left hand)
 u - an amulet of reflection (around neck)
 z - an amulet of magic regeneration
 I - a ring of ice
Wands
 c - a wand of flame (34)
 d - a wand of charming (11)
 e - a wand of iceblast (5)
 M - a wand of polymorph (2)
Scrolls
 g - 3 scrolls of amnesia
 s - a scroll of vulnerability {unknown}
 t - 2 scrolls of brand weapon {unknown}
 x - 4 scrolls of poison
 D - 4 scrolls of fear {unknown}
 F - 2 scrolls of teleportation
 H - a scroll of summoning {unknown}
 K - a scroll of blinking
 N - a scroll of torment {unknown}
 O - a scroll of enchant weapon {unknown}
 P - a scroll of enchant armour
Potions
 f - 4 potions of cancellation
 h - a potion of mutation
 i - a potion of heal wounds
 j - 10 potions of curing
 k - 4 potions of haste
 m - a potion of invisibility
 n - 2 potions of flight {unknown}
 C - 4 potions of degeneration {unknown}
 E - 2 potions of might {unknown}
 G - a potion of brilliance {unknown}
 J - 2 potions of berserk rage {unknown}
 L - a potion of magic {unknown}
 Q - a potion of attraction {unknown}
Miscellaneous
 q - a piece from Xom's chessboard (15/15)


   Skills:
 - Level 3.0 Fighting
 - Level 5.0 Short Blades
 - Level 11.0 Dodging
 - Level 16.0 Stealth
 - Level 5.0 Spellcasting
 - Level 6.0 Necromancy
 + Level 12.6 Evocations


You had 11 spell levels left.
You knew the following spells:

 Your Spells              Type           Power      Damage    Failure   Level
a - Necrotise             Necr           80%        1d8       1%          1
b - Animate Dead          Necr           20%        N/A       6%          4
c - Dispel Undead         Necr           20%        3d11      6%          4

Your spell library contained the following spells:

 Spells                   Type           Power      Damage    Failure   Level
 Sublimation of Blood     Necr           20%        N/A       1%          2
 Agony                    Necr           20%        N/A       16%         5
 Dazzling Flash           Conj/Hex       6%         N/A       21%         3
 Anguish                  Hex/Necr       5%         N/A       21%         4
 Borgnjor's Vile Clutch   Necr/Erth      5%         N/A       45%         5
 Death Channel            Necr           10%        N/A       63%         6
 Silence                  Hex/Air        1%         N/A       86%         5
 Simulacrum               Ice/Necr       5%         N/A       95%         6


Dungeon Overview and Level Annotations

Branches:
Dungeon (11/15)            Temple (0/1) D:4            Lair (0/5) D:11
    Orc (0/2) D:11

Altars:
Kikubaaqudgha
Ru
Trog
Uskayaw
Wu Jian
Xom

Shops:
D:4 (*[=   D:9 *

Annotations:
D:8 2 transporters, Groucho's ghost, novice SpEE


Innate Abilities, Weirdness & Mutations

You are very small and have problems with some larger weapons.
You are too small for most types of armour.
You have supernaturally acute eyesight. (SInv)
You cover ground extremely quickly. (Speed+++)


Message History

The floor.
Unknown command.
Press: ? - help, v - describe, . - travel
Here: a boulder beetle (lightly wounded)
The floor.
Unknown command.
You hit the boulder beetle but do no damage.
The boulder beetle is lightly wounded.
The boulder beetle bites you.
Aiming: Mindburst
Press: ? - help, Shift-Dir - straight line, f/p - boulder beetle
Aim: a boulder beetle (lightly wounded, chance to affect: 83%)
The boulder beetle's mind is blasted!!
The now-empty wand crumbles to dust.
The boulder beetle leaps!
Aiming: Throw Flame
Press: ? - help, Shift-Dir - straight line, f/p - boulder beetle
Aim: a boulder beetle (moderately wounded, 100% to hit)
The puff of flame hits the boulder beetle!
The boulder beetle is heavily wounded.
Aiming: Throw Flame
Press: ? - help, Shift-Dir - straight line, f/p - boulder beetle
Aim: a boulder beetle (heavily wounded, 100% to hit)
The puff of flame hits the boulder beetle.
The boulder beetle is heavily wounded.
Aiming: Throw Flame
Press: ? - help, Shift-Dir - straight line, f/p - boulder beetle
Aim: a boulder beetle (heavily wounded, 100% to hit)
The puff of flame hits the boulder beetle.
The boulder beetle is heavily wounded.
Aiming: Throw Flame
Press: ? - help, Shift-Dir - straight line, f/p - boulder beetle
Aim: a boulder beetle (heavily wounded, 100% to hit)
The puff of flame hits the boulder beetle but does no damage.
The boulder beetle is heavily wounded.
The boulder beetle curls into a ball and begins rolling!
The boulder beetle attacks as you move away!
The boulder beetle hits you!!!
Ouch! That really hurt!
You die...
Kikubaaqudgha rasps: "You have failed me!
Welcome... death!"

..###.###....K3B..5.5)#
.#. #.###......######K#
.#.. . ..#.##.### #§#
##.####.#.##.# #5###
#..##....##.# #.K).
#.#.....##.# #####
#..........)
##...>..##.#
#....@.####
##R####.#.#B# ##.##
#...#°# §Z.####.°#°#
#Q## #).°.#
.B#cl####...# :oB.[○B
#..######
######○###......#
#°##..###.#


You could see a boulder beetle (rolling).

Vanquished Creatures
  A boulder beetle (D:11)
  A two-headed ogre (D:10)
  Pikel (D:5)
  A manticore (D:11)
  A cyclops (D:11)
  2 ugly things (D:11)
  A gargoyle (D:10)
  Joseph (D:7)
  2 kobold demonologists (D:11)
  A komodo dragon (D:11)
  3 trolls
  A hornet (D:11)
  2 shadows (D:11)
  3 wyverns
  A vampire (D:11)
  18 yaks
  A wraith (D:11)
  A vampire mosquito (D:11)
  A steam dragon (D:7)
  3 acid dragons
  Menkaure (D:7)
  An ice beast (D:6)
  A sky beast (D:6)
  2 orc warriors
  An ogre (D:7)
  5 centaurs
  2 phantoms
  2 kobold brigands
  4 bullfrogs
  A scorpion (D:7)
  2 gnoll sergeants
  2 necrophages
  A wight (D:8)
  8 killer bees
  A howler monkey (D:6)
  4 jellies
  2 gnoll boudas
  6 orc priests
  6 hounds
  2 iguanas
  5 orc wizards
  16 gnolls
  4 adders
  3 white imps
  An ufetubus (D:6)
  A worm (D:2)
  6 dart slugs (D:4)
  22 orcs
  5 bats
  4 endoplasms
  3 giant cockroaches
  2 goblins (D:3)
  4 hobgoblins
  5 jackals
  6 kobolds
  6 quokkas
  5 ball pythons
  6 frilled lizards
  3 rats
207 creatures vanquished.

Vanquished Creatures (collateral kills)
  2 gnoll sergeants
  An iguana (D:4)
  2 gnolls (D:5)
  An adder (D:5)
  An orc (D:10)
7 creatures vanquished.

Vanquished Creatures (others)
  A boulder beetle (D:11)
  An ugly thing zombie (D:11)
  A hornet zombie (D:11)
  A centaur (D:8)
  A vampire mosquito zombie (D:11)
  A kobold brigand (D:8)
  A bullfrog (D:8)
  3 yak zombies (D:11)
  A howler monkey (D:8)
  2 orcs
  A goblin (D:7)
  A kobold (D:11)
  6 plants
21 creatures vanquished.

Grand Total: 235 creatures vanquished

Notes
Turn   | Place    | Note
-------+----------+-------------------------------------------
     0 | D:1      | HOAXBANE2 the Spriggan Artificer began the quest for the
                  | Orb.
     0 | D:1      | Reached XP level 1. HP: 9/9 MP: 2/2
   789 | D:1      | Reached skill level 1 in Fighting
   789 | D:1      | Reached skill level 2 in Stealth
  1027 | D:1      | Reached XP level 2. HP: 14/14 MP: 3/3
  2213 | D:2      | Reached XP level 3. HP: 18/18 MP: 4/4
  2257 | D:2      | Found a faded altar of an unknown god.
  2358 | D:2      | Reached skill level 5 in Evocations
  2454 | D:2      | Found an ancient bone altar of Kikubaaqudgha.
  2462 | D:2      | Became a worshipper of Kikubaaqudgha
  3084 | D:3      | Reached skill level 3 in Stealth
  3521 | D:3      | Reached * piety under Kikubaaqudgha
  3521 | D:3      | Received a gift from Kikubaaqudgha
  3522 | D:3      | Reached skill level 4 in Stealth
  3522 | D:3      | Reached XP level 4. HP: 17/22 MP: 5/5
  3698 | D:3      | Learned a level 1 spell: Necrotise
  4177 | D:3      | Reached skill level 1 in Spellcasting
  4535 | D:4      | Found Muulaaxum's General Store.
  4541 | D:4      | Found Rudoja's Jewellery Boutique.
  4575 | D:4      | Identified the +9 rapier of Wyrd {vorpal, rElec rF+ rC+
                  | Will-}
  4615 | D:4      | Found a staircase to the Ecumenical Temple.
  4635 | D:4      | Reached skill level 1 in Necromancy
  4639 | D:4      | Reached skill level 5 in Stealth
  4788 | D:3      | Reached XP level 5. HP: 14/25 MP: 7/7
  5021 | D:4      | Found Seusydy's Antique Weapon Boutique.
  5074 | D:4      | Found Azoschigo's Antique Armour Shoppe.
  5383 | D:4      | Reached skill level 1 in Short Blades
  5394 | D:4      | Reached skill level 6 in Stealth
  5394 | D:4      | Reached XP level 6. HP: 6/30 MP: 8/8
  5685 | D:4      | Found a bloodstained altar of Trog.
  5820 | D:4      | Reached skill level 7 in Stealth
  5835 | D:4      | Identified the +2 robe of Uwna Bost {MP-9 Str+8 Dex+4
                  | Slay-3}
  6022 | D:5      | Entered Level 5 of the Dungeon
  6022 | D:5      | Found a hide-covered altar of Uskayaw.
  6077 | D:5      | Reached XP level 7. HP: 18/33 MP: 9/9
  6544 | D:5      | Reached skill level 8 in Stealth
  6599 | D:5      | Reached ** piety under Kikubaaqudgha
  7381 | D:6      | Reached skill level 9 in Stealth
  7501 | D:6      | Reached skill level 10 in Stealth
  7501 | D:6      | Reached XP level 8. HP: 40/40 MP: 10/10
  7536 | D:6      | Reached skill level 11 in Stealth
  7908 | D:6      | Reached skill level 12 in Stealth
  8199 | D:5      | Noticed Pikel
  8246 | D:5      | Killed Pikel
  8247 | D:5      | Reached skill level 14 in Stealth
  8458 | D:7      | Reached XP level 9. HP: 44/44 MP: 11/11
  8572 | D:7      | Noticed Joseph
  9296 | D:7      | Reached skill level 15 in Stealth
  9784 | D:7      | HP: 1/44 [Joseph/sling bullet (2)]
 10109 | D:7      | Killed Joseph
 10110 | D:7      | Reached skill level 16 in Stealth
 10152 | D:7      | Reached skill level 5 in Dodging
 11338 | D:7      | Noticed Menkaure
 11342 | D:7      | Killed Menkaure
 11718 | D:8      | Found a shimmering altar of Xom.
 11770 | D:7      | Reached skill level 5 in Spellcasting
 12498 | D:7      | Reached skill level 5 in Short Blades
 12498 | D:7      | Reached XP level 10. HP: 45/49 MP: 16/18
 12918 | D:8      | Found a transporter.
 12919 | D:8      | Noticed Groucho's ghost (novice SpEE)
 12922 | D:8      | Found a transporter.
 12924 | D:8      | Noticed a two-headed ogre
 12949 | D:8      | Found an ornate altar of the Wu Jian Council.
 13526 | D:9      | Reached *** piety under Kikubaaqudgha
 13526 | D:9      | Received a gift from Kikubaaqudgha
 14187 | D:9      | Learned a level 4 spell: Animate Dead
 14371 | D:9      | Found Elituyt's General Store.
 14853 | D:9      | Reached skill level 5 in Necromancy
 15241 | D:9      | Learned a level 4 spell: Dispel Undead
 15244 | D:10     | Entered Level 10 of the Dungeon
 15245 | D:10     | Noticed a two-headed ogre
 15252 | D:10     | Killed a two-headed ogre
 15759 | D:10     | Found a sacrificial altar of Ru.
 15777 | D:10     | Noticed a gargoyle
 15791 | D:10     | Killed a gargoyle
 15792 | D:10     | Reached skill level 10 in Dodging
 16766 | D:10     | Reached XP level 11. HP: 45/52 MP: 19/19
 16981 | D:11     | Found a staircase to the Lair.
 17071 | D:11     | Found a staircase to the Orcish Mines.
 17078 | D:11     | Identified the +2 whip of the Throat {pain, rN+ Dex+2}
 17151 | D:11     | Noticed a boulder beetle
 17262 | D:11     | Noticed a soul eater
 17265 | D:11     | Noticed a soul eater
 18014 | D:11     | Reached skill level 10 in Evocations
 18203 | D:11     | Noticed a green ugly thing
 18208 | D:11     | Killed a green ugly thing
 18209 | D:11     | Noticed a white ugly thing
 18212 | D:11     | Killed a white ugly thing
 18240 | D:11     | Noticed a boulder beetle
 18267 | D:11     | Killed a boulder beetle
 18269 | D:11     | Reached **** piety under Kikubaaqudgha
 18290 | D:11     | Noticed a deep elf pyromancer
 18290 | D:11     | Noticed a centaur warrior
 18290 | D:11     | Noticed a boulder beetle
 18291 | D:11     | Noticed a boulder beetle
 18291 | D:11     | Noticed an orc knight
 18291 | D:11     | Noticed a boulder beetle
 18291 | D:11     | Noticed a centaur warrior
 18325 | D:11     | Killed a boulder beetle
 18492 | D:11     | Slain by a boulder beetle

Illustrated notes

Levels and vault maps discovered:
D:1:      lightli_arrival_maybe_door_vault, layout_basic
D:2:      layout_basic, basic_altar, basic_ecumenical_altar
D:3:      layout_loops_ring, serial_rivers, chequers_serial_rivers_small_b,
          chequers_serial_rivers_large_b, chequers_serial_rivers_room_a,
          chequers_serial_rivers_small_3, kennysheep_generic_room_3
D:4:      kennysheep_slugbush, layout_basic, trog_three_pillars_becter,
          minmay_temple_entry_sparse_star, serial_shops, nicolae_lakefront_shop,
          nicolae_shop_overgrown_old_shop, shop, nicolae_shop_statue_plus,
          grunt_decor_cap
D:5:      layout_basic, mainiacjoe_overflow_boulevard,
          kennysheep_generic_room_12, uniq_pikel
D:6:      layout_rooms, grunt_ministairs_1, nicolae_elevator_lobby_plus
D:7:      layout_gridville, uniq_menkaure, uniq_joseph
D:8:      layout_rooms, nicolae_wu_jian_wuxing_cycle, xom_confusion_cloud,
          gammafunk_ghost_smash, minmay_misc_feat_rows
D:9:      layout_basic, nicolae_take_the_stairs, minmay_misc_feat_tower,
          kennysheep_generic_room_10
D:10:     layout_rooms, overflow_temple_1_default
D:11:     minmay_the_grid_triangle_9x9_recursive_3
          [minmay_the_grid_triangle_9x9_stretched_checkered,
          minmay_the_grid_triangle_9x9_pentomino_pain,
          minmay_the_grid_triangle_9x9_skeleton,
          minmay_the_grid_triangle_9x9_prize_insulated,
          minmay_the_grid_triangle_9x9_zippers_vertical,
          minmay_the_grid_triangle_9x9_empty,
          minmay_the_grid_triangle_9x9_semitri,
          minmay_the_grid_triangle_9x9_impossible_snake,
          minmay_the_grid_triangle_9x9_sprig], layout_loops_ring,
          david_lair_shrubbed, orc_0_dummy, lemuel_old_faithful

Skill      XL: |  1  2  3  4  5  6  7  8  9 10 11 |
---------------+----------------------------------+-----
Fighting       | 1 3 |  3.0
Stealth        | 2 4 5 6 7 10 14 16 | 16.0
Dodging        | 4 7 10 11 | 11.0
Evocations     | 5 7 12 | 12.6
Spellcasting   | 1 5 |  5.0
Necromancy     | 1 2 3 6 |  6.0
Short Blades   | 1 3 5 |  5.0

Action                   |  1- 3 |  4- 6 |  7- 9 | 10-12 || total
-------------------------+-------+-------+-------+-------++-------
Melee: Whip              |    18 |       |       |       ||    18
       Mace              |    12 |       |       |       ||    12
       Spear             |   259 |    46 |    92 |    72 ||   469
       Punch             |     2 |       |       |     3 ||     5
       Rapier            |       |    54 |   139 |   187 ||   380
 Fire: Sling             |       |       |   104 |   116 ||   220
Throw: Stone             |    14 |       |       |       ||    14
       Boomerang         |     1 |     1 |     3 |       ||     5
       Throwing net      |       |     2 |     8 |       ||    10
       Dart              |       |       |     1 |     9 ||    10
 Cast: Necrotise         |       |     4 |     3 |    15 ||    22
       Animate Dead      |       |       |       |    16 ||    16
       Dispel Undead     |       |       |       |     6 ||     6
Invok: Unearth Wretches  |       |       |     1 |       ||     1
Evoke: Wand              |       |     3 |    16 |    22 ||    41
       Piece from Xom's  |       |       |       |     2 ||     2
  Use: Scroll            |     1 |     7 |     5 |     2 ||    15
 Stab: Sleeping          |    12 |    10 |    12 |    18 ||    52
       Distracted        |     1 |       |     3 |     2 ||     6
       Held in net/web   |       |     1 |     2 |       ||     3
       Invisible         |       |       |     1 |     3 ||     4
Armor: Robe              |    18 |     8 |    16 |     7 ||    49
       Acid dragon scale |       |       |     3 |       ||     3
Dodge: Dodged            |   156 |    64 |   138 |   168 ||   526
Block: Other             |       |     2 |    31 |    33 ||    66
       Reflection        |       |       |     5 |     3 ||     8
